 Dungeon Crawl Stone Soup version 0.28-a0-850-g09de17f5b5 (webtiles) character file.

Game seed: 7685547215782791300

3 croobank the Sneak (level 1, 0/19 HPs)
             Began as a Draconian Delver on Nov 14, 2021.
             Succumbed to an adder's poison
             ... on level 2 of the Dungeon.
             The game lasted 00:05:02 (380 turns).

croobank the Sneak (Draconian Delver)                Turns: 380, Time: 00:05:03

Health: 0/19       AC:  4    Str: 14    XL:     1   Next: 41%
Magic:  1/1        EV: 12    Int: 10    God:
Gold:   14         SH:  0    Dex: 12    Spells: 0/0 levels left

rFire   . . .      SeeInvis .   a - +0 hand axe
rCold   . . .      Faith    .   (no shield)
rNeg    . . .      Spirit   .   (armour unavailable)
rPois   .          Reflect  .   (helmet restricted)
rElec   .          Harm     .   (no cloak)
rCorr   .          Rampage  .   (no gloves)
Will    .....                   (no boots)
Stlth   +++.......              (no amulet)
HPRegen 0.06/turn               (no ring)
MPRegen 0.07/turn               (no ring)

@: lethally poisoned (0 -> -4)
A: AC +4, unfitting armour, cold-blooded
a: no special abilities


You were on level 2 of the Dungeon.
You visited 1 branch of the dungeon, and saw 4 of its levels.

You collected 14 gold pieces.

Inventory:

Hand Weapons
 a - a +0 hand axe (weapon)
Missiles
 e - 24 stones (quivered)
Jewellery
 d - a ring of see invisible
 h - a ring of willpower
Wands
 f - a wand of digging (3)
Scrolls
 c - a scroll of magic mapping
 g - a scroll of amnesia {unknown}


   Skills:
 + Level 3.3 Fighting
 + Level 2.0 Axes
 + Level 1.7 Dodging
 + Level 4.6 Stealth


You couldn't memorise any spells.
You didn't know any spells.
Your spell library was empty.

Dungeon Overview and Level Annotations

Branches:
Dungeon (5/15)
 Temple: D:4-7

Altars:

Annotations:
D:3 Sigmund


Innate Abilities, Weirdness & Mutations

Your plain brown scales are hard. (AC +4)
You cannot fit into any form of body armour.
You are cold-blooded and may be slowed by cold attacks.


Message History

You see here a ring of willpower.
h - a ring of willpower The adder closely misses you.
The frilled lizard misses you. The adder misses you. The adder misses you.
Found a stone staircase leading up.
Found a short sword.
A ball python comes into view.
An adder comes into view.
There is a stone staircase leading up here.
Found 18 bolts.
The adder hisses angrily.
The ball python hisses angrily.
The frilled lizard bites you but does no damage.
The adder misses you.
As you read the scroll of fog, it crumbles to dust.
The scroll dissolves into smoke.
The frilled lizard bites you but does no damage.
The adder bites you.
You are poisoned.
The adder poisons you!
You feel sick. The adder barely misses you.
The kobold hits you but does no damage.
You feel sick. The adder bites you.
You feel sick. The adder bites you but does no damage.
You feel sick. The adder barely misses you. The kobold closely misses you.
The adder bites you but does no damage.
You feel sick.
You are no longer poisoned.
The ball python bites you.
* * * LOW HITPOINT WARNING * * *
The ball python grabs you. The ball python constricts you.
The kobold barely misses you.
You escape the ball python's grasp.
The adder bites you.
* * * LOW HITPOINT WARNING * * *
You are lethally poisoned!
The adder poisons you!
You aren't carrying any potions.
* * * LOW HITPOINT WARNING * * *
You feel sick.
You die...

#..........##.##.
#..§§§§§...§#.#..
#...§§§§§§§.....#
#....§§§§§§...###
#....§§§§§§......
#....§§l§§....###
#.....§K§........ ##.#..
#####.SS......##.. >....
#.S.@.....# (.###....
#.........#..#.......
##...........#.......
##.......#..#.......
####.......#..#.......
#.....####...##.......
######.###.####...#........
#..........................
#..........#####...#.......


You could see 2 adders, a ball python, a kobold and a frilled lizard.

Vanquished Creatures
  A giant cockroach (D:3)
  A kobold (D:3)
  A frilled lizard (D:2)
3 creatures vanquished.

Notes
Turn   | Place    | Note
-------+----------+-------------------------------------------
     0 | D:5      | croobank the Draconian Delver began the quest for the Orb.
     0 | D:5      | Reached XP level 1. HP: 19/19 MP: 1/1
    18 | D:5      | Noticed a water moccasin
    23 | D:5      | Noticed an iguana
    26 | D:5      | Noticed a jelly
    30 | D:5      | Noticed an orc priest
    30 | D:5      | Noticed an orc wizard
    30 | D:5      | Noticed a scorpion
    47 | D:5      | Noticed a hound
    70 | D:3      | Noticed Sigmund
   380 | D:2      | Succumbed to an adder's poison

Illustrated notes

Levels and vault maps discovered:
D:2:      layout_rooms, hellmonk_ecumenical_altar_run_dry, serial_curves,
          eino_curves_02, eino_curves_02, kennysheep_another_room,
          minmay_between
D:3:      layout_rooms, chequers_serial_rivers_small_b, serial_bayou_pond_d,
          uniq_sigmund
D:4:      layout_loops_ring, minitemple, minmay_temple_entry_from_below_a,
          serial_shops, kennysheep_little_box, nicolae_ossuary_entry_catacombs,
          moated_statue, uniq_ijyb
D:5:      layout_rooms, nicolae_overflow_hidden_temple, uniq_grinder

Action                   || total
-------------------------++-------
Melee: Hand axe          ||    11
       Tailslap          ||     3
  Use: Scroll            ||     3
       Potion            ||     2
Armor: Skin              ||    11
Dodge: Dodged            ||    22

Table legend: (Time is in decaauts)
 A = Elapsed time spent in this place.
 B = Non-inter-level travel time spent in this place.
 C = Inter-level travel time spent in this place.
 D = Time resting spent in this place.
 E = Time spent auto-exploring this place.
 F = Levels seen in this place.
 G = Mean time per level.
                   A        B        C        D        E       F      G
               +--------+--------+--------+--------+--------+-----+--------+
         Total |    366 |    366 |      0 |      3 |    204 |   4 |   91.5 |
       Dungeon |    366 |    366 |      0 |      3 |    204 |   4 |   91.5 |
               +--------+--------+--------+--------+--------+-----+--------+

Top non-repeatable levels by time:
     D:2: 263 daAuts
     D:3: 47 daAuts
     D:5: 44 daAuts
     D:4: 11 daAuts
